 Dungeon Crawl Stone Soup version 0.31-a0-263-ge8cad7f256 (webtiles) character file.

Game seed: 12889851032711712918

429 qw the Shooter (level 6, -1/52 HPs)
             Began as a Minotaur Hexslinger on July 13, 2023.
             Was an Initiate of Okawaru.
             Slain by an iron imp (7 damage)
             ... summoned by Eustachio
             ... on level 5 of the Dungeon.
             The game lasted 00:01:35 (2989 turns).

qw the Shooter (Minotaur Hexslinger)                Turns: 2989, Time: 00:01:35

Health: -1/52      AC:  8    Str: 19    XL:     6   Next: 66%
Magic:  6/6        EV: 11    Int: 10    God:    Okawaru [......]
Gold:   40         SH:  0    Dex: 14    Spells: 6/7 levels left

rFire   . . .        Y - +1 sling
rCold   . . .        (no shield)
rNeg    . . .        h - +0 ring mail
rPois   .            (helmet restricted)
rElec   .            d - +2 cloak
rCorr   .            (no gloves)
SInv    +            (no boots)
Will    .....        (no amulet)
Stlth   +            g - +6 ring of strength
HPRegen 0.28/turn    e - ring of see invisible
MPRegen 0.10/turn

%: no passive effects
@: no status effects
A: horns 2, retaliatory headbutt
a: Renounce Religion


You were on level 5 of the Dungeon.
You worshipped Okawaru.
Okawaru was noncommittal.
You visited 1 branch of the dungeon, and saw 5 of its levels.

You collected 163 gold pieces.
You spent 123 gold pieces at shops.


Innate Abilities, Weirdness & Mutations

You have a pair of horns on your head.
You reflexively headbutt those who attack you in melee.


   Skills:
 - Level 4.0 Fighting
 + Level 6.7 Ranged Weapons
 - Level 1.9 Armour
 - Level 2.1 Dodging
 - Level 1.0 Spellcasting
 - Level 2.0 Hexes


You had 6 spell levels left.
You knew the following spells:

 Your Spells              Type           Power      Damage    Failure   Level
a - Slow                  Hex            16%        N/A       26%         1

Your spell library contained the following spells:

 Spells                   Type           Power      Damage    Failure   Level
 Inner Flame              Hex/Fire       2%         N/A       75%         3
 Portal Projectile        Hex/Tloc       4%         N/A       75%         3
 Cause Fear               Hex            2%         N/A       95%         4

Inventory:

Hand Weapons
 Y - a +1 sling (weapon)
Armour
 d - a +2 cloak (worn)
 h - a +0 ring mail (worn)
Jewellery
 e - a ring of see invisible (right hand)
 g - a +6 ring of strength (left hand)
 l - a ring of positive energy
Wands
 a - a wand of digging (5)
Scrolls
 i - a scroll of identify
Potions
 c - a potion of resistance
 j - a potion of might
 n - a potion of mutation {unknown}

Dungeon Overview and Level Annotations

Branches:
Dungeon (5/15)
 Temple: D:4-7

Altars:
Okawaru
Uskayaw

Shops:
D:4 ?=

Annotations:
D:5 Eustachio


Message History

You shoot a sling bullet.
The sling bullet closely misses Eustachio.
Eustachio hits you but does no damage.
You shoot a sling bullet.
The sling bullet barely misses Eustachio.
Eustachio hits you with a +0 rapier.
You shoot a sling bullet.
The sling bullet closely misses Eustachio.
Eustachio hits you with a +0 rapier.
You shoot a sling bullet.
The sling bullet barely misses Eustachio.
Eustachio hits you but does no damage. Eustachio hits you with a +0 rapier.
You shoot a sling bullet. The sling bullet misses Eustachio.
Eustachio casts a spell.
You shoot a sling bullet.
The sling bullet closely misses Eustachio.
Eustachio hits you with a +0 rapier!
You shoot a sling bullet. The sling bullet hits Eustachio.
Eustachio is lightly wounded.
The iron imp barely misses you. Eustachio hits you with a +0 rapier.
You shoot a sling bullet. The sling bullet hits Eustachio.
Eustachio is lightly wounded.
The iron imp hits you. Eustachio hits you but does no damage.
You shoot a sling bullet. The sling bullet hits Eustachio.
Eustachio is moderately wounded.
Eustachio hits you with a +0 rapier. The iron imp hits you!
You shoot a sling bullet. The sling bullet hits Eustachio!
Eustachio is heavily wounded.
Eustachio casts a spell.
Eustachio blinks!
The iron imp hits you.
You shoot a sling bullet.
The sling bullet hits the iron imp but does no damage.
The iron imp hits you!
You shoot a sling bullet.
The sling bullet hits the iron imp but does no damage.
The iron imp closely misses you.
You shoot a sling bullet.
The sling bullet hits the iron imp but does no damage.
The iron imp hits you!
You die...

.... ....
###+#...
#+####...#..#
.........+..#
.......<.#..##
.........#...#
########'@...#
..!...5...##
....@.....#..
..........##.#
........... .#
............ #
.#######...##
...#


You could see Eustachio and an iron imp (summoned).

Vanquished Creatures
  An ogre (D:4)
  A hound (D:4)
  Terence (D:3)
  Ijyb (D:3)
  Natasha (thrice) (D:4)
  A gnoll (D:4)
  7 adders
  An ufetubus (D:4)
  A worm (D:2)
  2 dart slugs (D:2)
  5 orcs
  4 ball pythons
  8 endoplasms
  A giant cockroach (D:1)
  13 goblins
  7 hobgoblins
  11 jackals
  4 quokkas
  6 bats
  3 frilled lizards
  10 kobolds
  3 rats
94 creatures vanquished.

Notes
Turn   | Place    | Note
-------+----------+-------------------------------------------
     0 | D:1      | qw the Minotaur Hexslinger began the quest for the Orb.
     0 | D:1      | Reached XP level 1. HP: 16/16 MP: 1/1
     0 | D:1      | 0 ||| qw: Version: 0.3-a-52-g30416fa
     0 | D:1      | 0 ||| qw: Game counter: 7343
     0 | D:1      | 0 ||| qw: Melee chars always use a shield: true
     0 | D:1      | 0 ||| qw: God list: Okawaru
     0 | D:1      | 0 ||| qw: Allow faded altars: false
     0 | D:1      | 0 ||| qw: Do Orc after clearing Dungeon:15 true
     0 | D:1      | 0 ||| qw: Do second Lair branch before Depths: true
     0 | D:1      | 0 ||| qw: Lair rune preference: random
     0 | D:1      | 0 ||| qw: Goals: Normal
     0 | D:1      | 0 ||| PLANNING D:1-11
   388 | D:1      | Reached skill level 3 in Ranged Weapons
   388 | D:1      | Reached XP level 2. HP: 23/23 MP: 2/2
   844 | D:1      | 844 ||| UPGRADING to +1 cloak.
   849 | D:1      | 849 ||| UPGRADING to +6 ring of strength.
   850 | D:1      | 850 ||| READING scroll labelled GOYTYVVIMOC.
   851 | D:1      | 851 ||| READING scroll labelled YCIABI EPNU.
   852 | D:1      | 852 ||| READING scroll labelled SOUPIUQ HAXUH.
   853 | D:1      | 853 ||| READING 2 scrolls labelled WINUMEZONA.
   854 | D:1      | 854 ||| DROPPING scroll of poison.
  1008 | D:2      | Reached XP level 3. HP: 29/29 MP: 3/3
  1159 | D:2      | Reached skill level 4 in Ranged Weapons
  1321 | D:2      | 1321 ||| UPGRADING to +0 leather armour.
  1331 | D:2      | 1331 ||| DROPPING +0 robe.
  1332 | D:2      | 1332 ||| UPGRADING to ring of see invisible.
  1333 | D:2      | 1333 ||| READING scroll labelled YPIRUWKEANI.
  1451 | D:3      | Reached XP level 4. HP: 36/36 MP: 4/4
  1527 | D:3      | Noticed Terence
  1534 | D:3      | Killed Terence
  1535 | D:3      | Reached skill level 5 in Ranged Weapons
  1742 | D:3      | 1742 ||| UPGRADING to +0 ring mail.
  1753 | D:3      | 1753 ||| UPGRADING to +0 ring mail.
  1763 | D:3      | 1763 ||| DROPPING +0 leather armour.
  1791 | D:3      | 1791 ||| FLEEEEING.
  1792 | D:3      | 1792 ||| FLEEEEING.
  1793 | D:3      | 1793 ||| FLEEEEING.
  1794 | D:3      | 1794 ||| FLEEEEING.
  1795 | D:3      | 1795 ||| FLEEEEING.
  1796 | D:3      | 1796 ||| FLEEEEING.
  1797 | D:3      | 1797 ||| FLEEEEING.
  1798 | D:3      | 1798 ||| FLEEEEING.
  1799 | D:3      | 1799 ||| FLEEEEING.
  1803 | D:3      | 1803 ||| FLEEEEING.
  1804 | D:3      | 1804 ||| FLEEEEING.
  1896 | D:3      | Noticed Ijyb
  1902 | D:3      | Reached XP level 5. HP: 44/44 MP: 5/5
  1928 | D:3      | Killed Ijyb
  1929 | D:3      | Reached skill level 1 in Armour
  1994 | D:3      | Reached skill level 3 in Fighting
  1997 | D:3      | 1997 ||| DRINKING 2 sedimented orange potions.
  1998 | D:3      | 1998 ||| DRINKING 2 sedimented amethyst potions.
  1999 | D:3      | 1999 ||| READING 3 scrolls of identify.
  1999 | D:3      | 1999 ||| IDENTIFYING fuming dark potion
  2000 | D:3      | 2000 ||| READING 2 scrolls of identify.
  2000 | D:3      | 2000 ||| IDENTIFYING ruby potion
  2001 | D:3      | 2001 ||| DROPPING potion of brilliance.
  2002 | D:3      | 2002 ||| DROPPING potion of attraction.
  2049 | D:4      | Identified the +2 robe "Vicetux" {Str+5 Dex-5}
  2061 | D:4      | Found a hide-covered altar of Uskayaw.
  2112 | D:4      | Found Gaiditt's Jewellery Boutique.
  2117 | D:4      | 2117 ||| SHOPLISTING amulet of faith (560 gold, have 127).
  2117 | D:4      | 2117 ||| SHOPLISTING ring "Qulif" {rPois Will+ Dex+3} (595
                  | gold, have 127).
  2117 | D:4      | 2117 ||| SHOPLISTING ring of fire (350 gold, have 127).
  2117 | D:4      | 2117 ||| SHOPLISTING ring of ice (350 gold, have 127).
  2117 | D:4      | 2117 ||| SHOPLISTING ring of poison resistance (280 gold,
                  | have 127).
  2117 | D:4      | 2117 ||| SHOPLISTING ring of protection from cold (350
                  | gold, have 127).
  2274 | D:4      | Noticed Natasha
  2288 | D:4      | Killed Natasha
  2485 | D:4      | Noticed an ogre
  2495 | D:4      | Killed an ogre
  2496 | D:4      | Reached skill level 6 in Ranged Weapons
  2496 | D:4      | Reached XP level 6. HP: 26/51 MP: 6/6
  2598 | D:4      | Found The Oracle's Delphic Readings.
  2602 | D:4      | 2602 ||| BUYING scroll of enchant armour (97 gold).
  2602 | D:4      | Bought a scroll of enchant armour for 97 gold pieces
  2602 | D:4      | 2602 ||| BUYING scroll of identify (26 gold).
  2602 | D:4      | Bought a scroll of identify for 26 gold pieces
  2602 | D:4      | 2602 ||| READING scroll of enchant armour.
  2602 | D:4      | 2602 ||| ENCHANTING +1 cloak.
  2711 | D:4      | Noticed Natasha
  2717 | D:4      | Killed Natasha
  2750 | D:4      | 2750 ||| Stepping ~*~*~tactically~*~*~ (outnumbered).
  2752 | D:4      | 2752 ||| Stepping ~*~*~tactically~*~*~ (outnumbered).
  2767 | D:4      | Found an iron altar of Okawaru.
  2768 | D:4      | 2768 ||| PLANNING OKAWARU WORSHIP
  2768 | D:4      | 2768 ||| DROPPING +2 robe "Vicetux" {Str+5 Dex-5}.
  2769 | D:4      | 2769 ||| READING scroll labelled LIQ ORUFUWK.
  2770 | D:4      | 2770 ||| READING 3 scrolls of identify.
  2770 | D:4      | 2770 ||| IDENTIFYING purple potion
  2771 | D:4      | 2771 ||| READING 2 scrolls of identify.
  2771 | D:4      | 2771 ||| IDENTIFYING golden potion
  2772 | D:4      | 2772 ||| DROPPING potion of berserk rage.
  2773 | D:4      | 2773 ||| DROPPING potion of degeneration.
  2781 | D:4      | Became a worshipper of Warmaster Okawaru
  2782 | D:4      | 2782 ||| PLANNING D:1-11
  2794 | D:4      | Noticed Natasha
  2803 | D:4      | Killed Natasha
  2972 | D:5      | Entered Level 5 of the Dungeon
  2974 | D:5      | Noticed Eustachio
  2986 | D:5      | HP: 12/52 [iron imp[Eustachio] (4)]
  2987 | D:5      | HP: 5/52 [iron imp[Eustachio] (7)]
  2989 | D:5      | Slain by an iron imp

Levels and vault maps discovered:
D:1:      erik_arrival_blinker_ship, layout_loops_corners,
          minmay_gold_behind_fungi, minmay_tripent
D:2:      layout_rooms, minmay_domino_2
D:3:      kennysheep_goblin_castle, layout_basic, uniq_terence
D:4:      layout_rooms, mainiacjoe_overflow_concentric_impassable,
          okawaru_altar_gauntlet_db, serial_shops, nicolae_shop_hallway_plus,
          nicolae_nh_oracle_at_delphi, uniq_natasha
D:5:      layout_gridville, serial_shops, shop, gammafunk_ghost_abyssal_escape,
          uniq_eustachio

Skill      XL: |  1  2  3  4  5  6 |
---------------+-------------------+-----
Ranged Weapons | 3 4 5 6 |  6.7
Fighting       | 2 3 4 |  4.0
Armour         | 1 |  1.9
Dodging        | |  2.1
Spellcasting   | |  1.0
Hexes          | |  2.0

Action                     |  1- 3 |  4- 6 || total
---------------------------+-------+-------++-------
   Fire: Sling             |   113 |   239 ||   352
    Use: Scroll            |     5 |     6 ||    11
         Potion            |       |     2 ||     2
 Armour: Robe              |     4 |       ||     4
         Leather armour    |     8 |     1 ||     9
         Ring mail         |       |    46 ||    46
  Dodge: Dodged            |    17 |    76 ||    93

Table legend:
 A = Non-vault XP
 B = Vault XP
 C = Vault XP percentage of total XP
 D = Non-vault monster count
 E = Vault monster count
 F = Vault count percentage of total count
                 A         B        C        D         E       F
            +---------+---------+-------+---------+---------+-------
      Total |     284 |     329 |  53.7 |      68 |      26 |  27.7
            +---------+---------+-------+---------+---------+-------
        D:1 |      13 |       3 |  18.8 |       8 |       2 |  20.0
        D:2 |      55 |       3 |   5.2 |      20 |       2 |   9.1
        D:3 |      66 |      96 |  59.3 |      18 |      13 |  41.9
        D:4 |     150 |     227 |  60.2 |      22 |       9 |  29.0
            +---------+---------+-------+---------+---------+-------
